 Dungeon Crawl Stone Soup version 0.26.1-11-gd32895ea62 (webtiles) character file.

Game seed: 9581744590647295320

25 OdinFK the Grave Robber (level 2, -2/21 HPs)
             Began as a Mummy Necromancer on June 8, 2021.
             Slain by a sky beast (6 damage)
             ... on level 2 of the Dungeon.
             The game lasted 00:03:10 (604 turns).

OdinFK the Grave Robber (Mummy Necromancer)          Turns: 604, Time: 00:03:11

Health: -2/21      AC:  3    Str: 11    XL:     2   Next: 82%
Magic:  6/6        EV: 12    Int: 14    God:
Gold:   55         SH:  0    Dex: 12    Spells: 5/7 levels left

rFire    x . .     SeeInvis .   b - +1 dagger
rCold    + . .     Faith    .   (no shield)
rNeg     + + +     Spirit   .   a - +0 robe
rPois    ∞         Reflect  .   e - +0 helmet
rElec    .         Harm     .   (no cloak)
rCorr    .         Rampage  .   (no gloves)
Will     .....                  (no boots)
Stlth    ++........             (no amulet)
HPRegen  0.07/turn              (no ring)
MPRegen  0.10/turn              (no ring)

@: no status effects
A: no potions, fire vulnerability, cold resistance 1, negative energy resistance
3, torment resistance, unbreathing
a: no special abilities


You were on level 2 of the Dungeon.
You visited 1 branch of the dungeon, and saw 2 of its levels.

You collected 55 gold pieces.

Inventory:

Hand Weapons
 b - a +1 dagger (weapon)
Armour
 a - a +0 robe (worn)
 e - a +0 helmet (worn)
Scrolls
 f - a scroll of fear {unknown}
 g - 2 scrolls of identify {unknown}
 h - a scroll of amnesia {unknown}
 u - a scroll of remove curse
 w - a scroll of enchant weapon


   Skills:
 - Level 1.0 Fighting
 - Level 2.0 Dodging
 - Level 1.5 Stealth
 - Level 3.0 Spellcasting
 + Level 4.3 Necromancy


You had 5 spell levels left.
You knew the following spells:

 Your Spells              Type           Power        Failure   Level
a - Pain                  Necr           56%          3%          1
b - Animate Skeleton      Necr           28%          3%          1

Your spell library contained the following spells:

 Spells                   Type           Power        Failure   Level
 Vampiric Draining        Necr           7%           11%         3
 Animate Dead             Necr           7%           34%         4
 Agony                    Necr           14%          69%         5


Dungeon Overview and Level Annotations

Branches:
Dungeon (2/15)

Altars:


Innate Abilities, Weirdness & Mutations

You do not drink.
Your flesh is vulnerable to fire.
You are immune to poison.
Your flesh is cold resistant. (rC+)
You are immune to negative energy. (rN+++)
You are immune to unholy pain and torment.
You can survive without breathing.


Message History

A sky beast comes into view.
The sky beast flickers out of sight!
Deactivating autopickup; reactivate with Ctrl-A.
Found a scroll labelled PYRAPT OKKIANGA.
You see here a scroll labelled PYRAPT OKKIANGA.
h - a scroll labelled PYRAPT OKKIANGA You miss something.
Something hits you. Something shocks you.
Okay, then.
As you read the scroll labelled KELUAG NUQOAGE, it crumbles to dust.
It is a scroll of enchant weapon.
Your +0 dagger glows red for a moment.
w - a scroll of enchant weapon Something hits you.
Something shocks you.
* * * LOW HITPOINT WARNING * * *
As you read the scroll labelled WIOKOTAEVA, it crumbles to dust.
You feel blessed for a moment.
It was a scroll of remove curse.
u - a scroll of remove curse Something hits you.
* * * LOW HITPOINT WARNING * * *
Something shocks you.
You die...

###.#.#.#####
#.#.#.#
###.#.#.##########
.................#
###.#.#.########.#
....#.#..........#
###.############.#
# #.# #.# # #.#
#@# #.# #.# ..#
#.# ### #.# #.#
#.# #.# ###


There were no monsters in sight!

Vanquished Creatures
  A dart slug (D:1)
  2 leopard geckos (D:1)
  A bat (D:1)
  A giant cockroach (D:1)
  2 goblins (D:1)
  2 hobgoblins (D:1)
  2 jackals (D:1)
  2 kobolds (D:1)
  3 frilled lizards
  3 rats (D:1)
19 creatures vanquished.

Notes
Turn   | Place    | Note
-------+----------+-------------------------------------------
     0 | D:1      | OdinFK the Mummy Necromancer began the quest for the Orb.
     0 | D:1      | Reached XP level 1. HP: 13/13 MP: 4/4
     2 | D:1      | Learned a level 1 spell: Animate Skeleton
   188 | D:1      | Reached XP level 2. HP: 10/20 MP: 3/6
   295 | D:1      | Reached skill level 1 in Fighting
   524 | D:1      | You fall into a shaft and drop 1 floor!
   558 | D:2      | Noticed a sky beast
   604 | D:2      | Slain by a sky beast

Illustrated notes

Levels and vault maps discovered:
D:1:      eino_arrival_tree_alley, layout_rooms, minmay_tree_intersection,
          wander_ebering_terrifying_dragon_lair
D:2:      layout_basic, uniq_terence, uniq_robin, uniq_crazy_yiuf_cottage

Skill      XL: |  1  2 |
---------------+-------+-----
Spellcasting   | 3 |  3.0
Fighting       | 1 |  1.0
Dodging        | 2 |  2.0
Stealth        | |  1.5
Necromancy     | |  4.3

Action                   || total
-------------------------++-------
Melee: Dagger            ||    16
       Unarmed           ||     1
 Cast: Pain              ||    33
  Use: Scroll            ||     2
 Stab: Sleeping          ||     2
Armor: Robe              ||    10
Dodge: Dodged            ||    26
